 Dungeon Crawl Stone Soup version 0.28.0-47-ge53b351184 (webtiles) character file.

Game seed: 18380137088081214153

196 seaoflcl the Skirmisher (level 6, -2/48 HPs)
             Began as a Human Fighter on Apr 29, 2022.
             Was a Follower of Zin.
             Slain by an orc warrior
             ... wielding a +0 halberd
              (13 damage)
             ... on level 4 of the Dungeon.
             The game lasted 00:03:30 (3200 turns).

seaoflcl the Skirmisher (Human Fighter)             Turns: 3200, Time: 00:03:30

Health: -2/48      AC: 10    Str: 18    XL:     6   Next: 4%
Magic:  6/6        EV:  9    Int:  9    God:    Zin [*.....]
Gold:   90         SH:  5    Dex: 12    Spells: 5/5 levels left

rFire   . . .      SeeInvis .   e - +3 dagger (venom)
rCold   . . .      Faith    .   c - +0 buckler
rNeg    . . .      Spirit   .   b - +0 scale mail
rPois   .          Reflect  .   (no helmet)
rElec   .          Harm     .   f - +2 cloak
rCorr   .          Rampage  .   (no gloves)
Will    .....                   (no boots)
Stlth   ..........              (no amulet)
HPRegen 0.16/turn               (no ring)
MPRegen 0.10/turn               (no ring)

@: no status effects
A: no striking features
a: Renounce Religion, Recite, Donate Gold


You were on level 4 of the Dungeon.
You worshipped Zin.
Zin was aware of your devotion.
You visited 1 branch of the dungeon, and saw 4 of its levels.

You collected 99 gold pieces.
You donated 9 gold pieces to Zin.

Inventory:

Hand Weapons
 a - a +0 long sword
 e - a +3 dagger of venom (weapon)
Armour
 b - a +0 scale mail (worn)
 c - a +0 buckler (worn)
 f - a +2 cloak (worn)
Scrolls
 h - a scroll of summoning {unknown}
 i - a scroll of amnesia {unknown}
 j - a scroll of teleportation {unknown}
 l - a scroll of enchant weapon
 m - a scroll of holy word {unknown}
 n - 2 scrolls of blinking
 r - a scroll of magic mapping {unknown}
Potions
 d - 2 potions of might
 g - a potion of degeneration {unknown}
 k - a potion of ambrosia {unknown}
 p - a potion of curing {unknown}
 q - a potion of mutation {unknown}


   Skills:
 + Level 4.0 Fighting
 + Level 3.3 Long Blades
 + Level 4.0 Armour
 + Level 4.0 Shields


You had 5 spell levels left.
You didn't know any spells.
Your spell library contained the following spells:

 Spells                   Type           Power      Damage    Failure   Level
 Slow                     Hex            0%         N/A       85%         1
 Confusing Touch          Hex            0%         N/A       99%         3
 Gell's Gravitas          Tloc           0%         N/A       99%         3
 Ignite Poison            Fire/Tmut/Pois 0%         N/A       99%         3
 Lesser Beckoning         Tloc           0%         N/A       99%         3
 Mephitic Cloud           Conj/Pois/Air  0%         N/A       99%         3
 Teleport Other           Tloc           0%         N/A       99%         3
 Vampiric Draining        Necr           0%         2d6       99%         3
 Freezing Cloud           Conj/Ice/Air   0%         6-21      100%        5


Dungeon Overview and Level Annotations

Branches:
Dungeon (4/15)
 Temple: D:4-7

Altars:
Ashenzari
Zin

Shops:
D:2 !


Message History

Found a robe.
The dart slug barely misses you.
You hit the dart slug.
The dart slug is poisoned.
The dart slug is severely wounded.
The dart slug barely misses you.
You hit the dart slug.
You kill the dart slug!
No target in view!
No target in view!
No target in view!
No target in view!
No target in view!
No target in view!
No target in view!
No target in view!
You start resting.
An orc warrior comes into view. It is wielding a +0 halberd.
Things that are here:
a +0 dagger; a +0 hunting sling; 33 gold pieces
There is an open door here.
You start resting.
An orc warrior is nearby!
The orc warrior shouts!
There is an open door here.
The orc warrior barely misses you.
You barely miss the orc warrior.
The orc warrior hits you with a +0 halberd!
You hit the orc warrior.
The orc warrior is poisoned.
The orc warrior is lightly wounded.
The orc warrior barely misses you.
You closely miss the orc warrior.
The orc warrior is lightly wounded.
You block the orc warrior's attack.
You closely miss the orc warrior.
The orc warrior is lightly wounded.
You hit the orc warrior.
The orc warrior is moderately wounded.
The orc warrior hits you with a +0 halberd!
* * * LOW HITPOINT WARNING * * *
The orc warrior hits you from afar with a +0 halberd!
You die...

#..#### .. #'#..##
....##....#
.....'....#
.8...##).## ...
##'## . ##o.##
##)...# ###'@...#
.# ##..##..## ...
+....#### #.#
#....# ..######.†##
#..#.###'# ## ##
..##..#.##..# #⌠ ⌠#
...........##### +.
.+
##.##.............#
⌠ ⌠


You could see an orc warrior (very poisoned).

Vanquished Creatures
  A hound (D:4)
  An orc wizard (D:3)
  6 adders
  2 worms
  2 dart slugs
  4 orcs (D:3)
  10 endoplasms
  3 giant cockroaches
  9 goblins
  7 hobgoblins
  2 jackals (D:3)
  2 quokkas
  3 ball pythons
  5 bats
  5 frilled lizards
  4 kobolds
  6 rats
72 creatures vanquished.

Notes
Turn   | Place    | Note
-------+----------+-------------------------------------------
     0 | D:1      | seaoflcl the Human Fighter began the quest for the Orb.
     0 | D:1      | Reached XP level 1. HP: 18/18 MP: 1/1
   114 | D:1      | Reached XP level 2. HP: 24/24 MP: 2/2
   633 | D:1      | Reached XP level 3. HP: 29/29 MP: 3/3
  1370 | D:2      | Reached XP level 4. HP: 35/35 MP: 4/4
  1475 | D:2      | Found Elurchue's Distillery.
  2156 | D:3      | Reached XP level 5. HP: 39/42 MP: 5/5
  2739 | D:3      | Found a glowing silver altar of Zin.
  2779 | D:3      | Became a worshipper of Zin the Law-Giver
  2878 | D:3      | Found a broken altar of Ashenzari.
  3061 | D:4      | Reached * piety under Zin
  3131 | D:4      | Reached XP level 6. HP: 31/48 MP: 6/6
  3156 | D:4      | Noticed an orc warrior
  3200 | D:4      | Slain by an orc warrior

Illustrated notes

Levels and vault maps discovered:
D:1:      shiori_arrival_oz, layout_loops_ring, shapermc_ecumenical_altar_petra,
          minmay_cupped
D:2:      layout_loops_ring, serial_shops, nicolae_lakefront_shop,
          minmay_pentomino_x2
D:3:      layout_basic, zin_academy, ashenzari_altar_1
D:4:      minmay_bubble_buster, layout_loops_ring, temple_doors_e,
          gammafunk_ghost_grave, dk_noncrumbling_3

Skill      XL: |  1  2  3  4  5  6 |
---------------+-------------------+-----
Long Blades    | 3 |  3.3
Fighting       | 4 |  4.0
Shields        | 4 |  4.0
Armour         | 4 |  4.0

Action                   |  1- 3 |  4- 6 || total
-------------------------+-------+-------++-------
Melee: Long sword        |    10 |       ||    10
       Dagger            |    72 |   143 ||   215
  Use: Scroll            |       |     2 ||     2
Armor: Scale mail        |    28 |    50 ||    78
Dodge: Dodged            |    39 |    51 ||    90
Block: Buckler           |    16 |    23 ||    39
